Map: Abyssal Reef LE

Players

lIlIlIlIlIlI

  • Race: Protoss Protoss
  • League: Master
  • Spawn Location: 11:00

You - Winner!

  • Race: Terran Terran
  • League: Master
  • Spawn Location: 5:00

VOD

Have the link to the VOD?

Description

Time

  • Played on: Jan. 9, 2018, 9:09 p.m.
  • Length: 7:58
Show
View Real Time Build Order
Export as new Build Order

lIlIlIlIlIlI Protoss 

Build Orders: Blink Stalkers 

Get SALT Encoding   

  12  0:00  Probe  
  13  0:13  Probe  
  14  0:21  Pylon  
  14  0:25  Probe (Chrono Boost)  
  15  0:29  Assimilator  
  15  0:41  Probe (Chrono Boost)  
  16  0:45  Gateway  
  16  0:46  Probe (Chrono Boost)  
  17  1:00  Probe (Chrono Boost)  
  19  1:11  Probe (Chrono Boost)  
  19  1:16  Probe (Chrono Boost)  
  20  1:25  Assimilator  
  20  1:26  Probe  
  20  1:28  Gateway  
  20  1:32  Cybernetics Core  
  21  1:40  Probe  
  21  1:44  Pylon  
  22  1:52  Probe  
  23  2:10  Stalker (Chrono Boost)  
  25  2:25  Nexus  
  25  2:28  Warp Gate  
  25  2:34  Stalker  
  29  2:57  Twilight Council  
  29  2:58  Probe  
  30  3:13  Pylon, Stalker  
  30  3:28  Robotics Facility  
  30  3:31  Gateway  
  30  3:42  Stalker  
  32  3:50  Probe  
  33  3:56  Blink (Chrono Boost)  
  33  3:58  Probe  
  37  4:10  Probe  
  37  4:12  Probe  
  37  4:15  Pylon  
  38  4:22  Probe  
  41  4:27  Probe  
  38  4:33  Stalker  
  38  4:34  Probe  
  39  4:39  Probe  
  39  4:43  Stalker x2  
  37  4:57  Probe  
  37  4:59  Stalker  
  37  5:00  Probe  
  37  5:07  Stalker x2  
  40  5:08  Probe  
  40  5:09  Probe  
  40  5:10  Observer (Chrono Boost)  
  45  5:16  Probe  
  46  5:23  Probe  
  46  5:26  Probe, Stalker  
  49  5:29  Observer  
  51  5:35  Probe  
  51  5:36  Gateway  
  51  5:38  Probe  
  51  5:42  Gateway  
  47  6:14  Stalker x3  
  47  6:16  Probe  
  47  6:17  Gateway  
  54  6:20  Gateway  
  54  6:24  Gateway  
  50  6:42  Probe  
  50  6:43  Probe  
  50  6:44  Assimilator  
  50  6:45  Assimilator, Pylon  
  48  6:48  Stalker  
  48  6:49  Stalker x2  
  54  6:54  Probe  
  54  6:55  Probe  
  54  6:58  Warp Prism (Chrono Boost)  
  56  7:07  Probe  
  59  7:14  Probe  
  60  7:17  Shield Battery x2  
  60  7:20  Probe  
  61  7:26  Probe  
  62  7:30  Forge, Observer  
  62  7:32  Probe  
Show
View Real Time Build Order
Export as new Build Order

You Terran - Winner!

Build Orders: Cyclone Opening 

Get SALT Encoding   

  12  0:00  SCV  
  13  0:13  SCV  
  14  0:18  Supply Depot  
  14  0:27  Refinery  
  14  0:43  Barracks  
  14  0:44  SCV  
  15  0:56  SCV  
  16  1:00  Refinery  
  16  1:08  SCV  
  17  1:20  SCV  
  18  1:32  Orbital Command  
  18  1:34  Reaper  
  19  1:44  Factory  
  19  1:58  SCV  
  20  2:07  Reaper  
  21  2:09  Supply Depot  
  21  2:20  SCV  
  21  2:30  Cyclone  
  21  2:31  Starport  
  25  2:37  SCV  
  25  2:47  Reaper  
  25  2:51  SCV  
  27  2:53  Supply Depot  
  26  3:03  Cyclone  
  26  3:04  SCV  
  30  3:15  Medivac  
  30  3:18  SCV  
  30  3:19  Reaper  
  34  3:30  SCV  
  35  3:42  SCV  
  35  3:44  Command Center  
  36  4:02  Widow Mine  
  38  4:04  Engineering Bay  
  38  4:05  Starport Tech Lab  
  38  4:09  SCV  
  39  4:11  Barracks  
  39  4:14  Supply Depot  
  39  4:27  Cloaking Field  
  39  4:35  Widow Mine  
  41  4:57  Banshee, SCV  
  41  4:59  Barracks Tech Lab  
  45  5:01  Orbital Command  
  45  5:03  Factory Reactor  
  45  5:10  Barracks  
  45  5:11  SCV  
  46  5:19  Stimpack  
  46  5:26  Marine  
  46  5:27  SCV x2  
  49  5:30  Terran Infantry Weapons Level 1  
  49  5:39  SCV  
  49  5:40  Banshee  
  49  5:41  SCV  
  54  5:47  Supply Depot  
  54  5:48  Factory Tech Lab  
  54  5:51  SCV  
  54  5:52  Bunker  
  54  5:53  SCV  
  56  6:03  SCV  
  55  6:11  SCV  
  56  6:15  SCV, Siege Tank  
  60  6:21  Barracks  
  60  6:23  SCV  
  60  6:25  Barracks Reactor  
  58  6:48  SCV x2  
  58  6:49  Siege Tank  
  60  7:00  SCV, Starport Reactor  
  60  7:01  SCV  
  62  7:07  Barracks Tech Lab, Command Center  
  62  7:12  Barracks Reactor  
  62  7:13  SCV x2  
  64  7:16  Barracks  
  64  7:17  Marauder  
  64  7:18  Marauder  
  64  7:20  Barracks  
  68  7:25  SCV x2  
  70  7:33  Supply Depot, Refinery  
  70  7:34  Supply Depot, Refinery  
  73  7:37  Missile Turret, SCV  
Tags
 
Add a new tag
Caveats
  • Supply blocks, unpowered buildings, or Contaminate may cause inaccurate times.
  • Supply counts are checked every 10 seconds.